 Dungeon Crawl Stone Soup version 0.21.1-1-g345015f (webtiles) character file.

491 inc the Soothsayer (level 6, 25/25 HPs)
             Began as a Felid Transmuter on Mar 14, 2018.
             Was a Priest of Nemelex Xobeh.
             Quit the game on level 5 of the Dungeon.
             The game lasted 00:12:08 (6818 turns).

inc the Soothsayer (Felid Transmuter)               Turns: 6818, Time: 00:12:09

Health: 25/25      AC:  2    Str:  1    XL:     6   Next: 91%
Magic:  12/12      EV: 21    Int: 16    God:    Nemelex Xobeh [***...]
Gold:   258        SH:  0    Dex: 17    Spells: 8/9 levels left
                                        Lives:  1   Deaths: 1

rFire    . . .     SeeInvis +     - Unarmed
rCold    . . .     Gourm    .   (shield unavailable)
rNeg     . . .     Faith    .   (armour unavailable)
rPois    .         Spirit   .   (helmet unavailable)
rElec    .         Reflect  .   (cloak unavailable)
rCorr    .         Harm     .   (gloves unavailable)
MR       .....                  (boots unavailable)
Stlth    ++........             (no amulet)
HPRegen  0.08/turn              x - -3 ring of strength (curse)
MPRegen  0.13/turn              g - ring "Potom" {+Fly Str-2} (curse)

@: quick
A: very small, no armour, no weapons or thrown items, stealth, claws 1, fangs 3,
see invisible, carnivore, speed 1, shaggy fur 2, slow metabolism 1, sharp paws
a: Triple Draw, Renounce Religion, Evoke Flight


You were on level 5 of the Dungeon.
You worshipped Nemelex Xobeh.
Nemelex Xobeh was most pleased with you.
You were not hungry.

You visited 1 branch of the dungeon, and saw 5 of its levels.
You also visited: Sewer.

You collected 258 gold pieces.

Inventory:

Missiles
 a - 43 arrows
Jewellery
 g - the cursed ring "Potom" (right paw) {+Fly Str-2}
   (You found it on level 4 of the Dungeon)

   [ring of strength]

   It affects your strength (-2).
   It lets you fly.
   It has a curse placed upon it.
 l - an uncursed amulet of the gourmand
 p - an uncursed ring of protection from cold
 x - a cursed -3 ring of strength (left paw)
Wands
 k - a wand of enslavement (10)
 t - a wand of flame (13)
Scrolls
 d - a scroll of enchant armour {unknown}
 i - 4 scrolls of remove curse {unknown}
 j - a scroll of silence {unknown}
 o - 2 scrolls of immolation {unknown}
 q - a scroll of enchant weapon {unknown}
 r - 11 scrolls of teleportation {unknown}
 w - a scroll of identify
Potions
 e - a potion of haste
 h - 6 potions of flight
 m - 3 potions of degeneration
 n - 2 potions of brilliance
 s - 2 potions of might
Books
 b - a book of Changes

   Spells                             Type                      Level
   a - Beastly Appendage              Transmutation                1
   b - Sticks to Snakes               Transmutation                2
   c - Spider Form                    Transmutation/Poison         3
   d - Ice Form                       Ice/Transmutation            4
   e - Blade Hands                    Transmutation                5
Miscellaneous
 f - a plain deck of escape
 u - an ornate deck of summoning {drawn: 2}
 v - a legendary deck of escape
Comestibles
 c - 7 rations


   Skills:
 - Level 1.0 Fighting
 + Level 5.8 Dodging
 - Level 4.2 Unarmed Combat
 - Level 2.0 Spellcasting
 - Level 2.1 Transmutations
 - Level 7.0 Invocations


You had 8 spell levels left.
You knew the following spells:

 Your Spells              Type           Power        Failure   Level  Hunger
a - Beastly Appendage     Tmut           #.....       9%          1    #......


Dungeon Overview and Level Annotations

Branches:
Dungeon (5/15)             Temple (0/1) D:4

Altars:
Elyvilon
Kikubaaqudgha
Nemelex Xobeh
Trog
Zin


Innate Abilities, Weirdness & Mutations

You cannot wear armour.
You are incapable of wielding weapons or throwing items.
Your paws allow you to move quietly. (Stealth)
You have sharp claws.
You have razor-sharp teeth.
You have supernaturally acute eyesight. (SInv)
You are carnivorous and can eat meat at any time.
You cover ground quickly.
You are covered in thick fur. (AC +2)
You have a slow metabolism.
Your sharp claws are effective at attacking unaware monsters.


Message History

You claw the orc priest!
You kill the orc priest!
Unknown command.
c - 7 rations (gained 1)
You start resting.
HP restored.
Unknown command.
Found a glowing dagger.
x - a notched silver ring Put on which piece of jewellery? (? for menu, Esc to quit)
You feel weaker.
Oops, that ring feels deathly cold.
g - the cursed ring "Potom" (right paw) {+Fly Str-2} Put on which piece of jewellery? (? for menu, Esc to quit)
You remove your ring of protection from cold.
You feel weaker.
Oops, that ring feels deathly cold.
x - a cursed -3 ring of strength (left paw)
Okay, then.
Are you sure you want to abandon this character and quit the game? (Confirm with "yes".)

..................####
##.########.......#
.....#............####..
##..##.#######.....[....
.#..##.# #.#.#######
.#..##.# #.#.# ....##.#
#.#.# #...##.# #.#.#
.....#.###### .#@#
##>)...........).#
#......#######.###
######## #. . .. ##


There were no monsters in sight!

Vanquished Creatures
  An ogre (D:4)
  Blork the orc (D:4)
  A scorpion (D:4)
  An orc priest (D:5)
  An orc wizard (D:4)
  A bullfrog skeleton (D:5)
  A worker ant (D:5)
  3 adders
  6 oozes
  5 worms
  2 dart slugs
  3 leopard geckos
  8 orcs
  2 giant cockroaches (D:3)
  3 goblins
  6 hobgoblins
  4 jackals (Sewer)
  7 kobolds
  A quokka (D:3)
  4 ball pythons
  17 bats
  3 frilled lizards
  A leopard gecko skeleton (D:4)
  10 rats
92 creatures vanquished.

Vanquished Creatures (collateral kills)
  The ghost of Ferkelamun the Shield-Bearer, a novice GnFi (D:4)
  Sigmund (D:5)
  A phantom (D:4)
  A scorpion (D:5)
  A water moccasin skeleton (D:4)
  Ijyb (D:4)
  A worker ant (D:4)
  2 adders
  A river rat (D:4)
  An ooze (Sewer)
  4 worms
  A giant cockroach (D:4)
  3 ball pythons (Sewer)
  A bat (Sewer)
  A leopard gecko skeleton (D:4)
  A rat (D:4)
22 creatures vanquished.

Vanquished Creatures (others)
  A bat (D:2)
1 creature vanquished.

Grand Total: 115 creatures vanquished

Notes
Turn   | Place    | Note
-------+----------+-------------------------------------------
     0 | D:1      | inc the Felid Transmuter began the quest for the Orb.
     0 | D:1      | Reached XP level 1. HP: 9/9 MP: 4/4
   210 | D:1      | Found a sparkling altar of Nemelex Xobeh.
   220 | D:1      | Became a worshipper of Nemelex Xobeh the Trickster
   335 | D:1      | Reached XP level 2. HP: 12/12 MP: 6/6
   420 | D:1      | Received a gift from Nemelex Xobeh
  1107 | D:2      | Reached * piety under Nemelex Xobeh
  1119 | D:2      | Reached XP level 3. HP: 8/15 MP: 7/7
  1458 | D:2      | Found a faded altar of an unknown god.
  1719 | D:2      | Found a white marble altar of Elyvilon.
  1774 | D:2      | Received a gift from Nemelex Xobeh
  2446 | D:3      | Reached skill level 1 in Invocations
  2455 | D:3      | Received a gift from Nemelex Xobeh
  2676 | D:3      | Found an ancient bone altar of Kikubaaqudgha.
  2690 | D:3      | Reached ** piety under Nemelex Xobeh
  2965 | D:3      | Reached skill level 2 in Invocations
  2978 | D:3      | Reached XP level 4. HP: 16/19 MP: 8/8
  3022 | D:3      | Found a bloodstained altar of Trog.
  3347 | D:4      | Received a gift from Nemelex Xobeh
  3426 | D:4      | Found a glowing silver altar of Zin.
  3499 | D:4      | Noticed Ijyb
  3507 | D:4      | Killed Ijyb
  3545 | D:4      | Reached skill level 3 in Invocations
  3551 | D:4      | Noticed Ferkelamun's ghost (novice GnFi)
  3622 | D:4      | Killed Ferkelamun's ghost
  3622 | D:4      | Reached skill level 5 in Invocations
  3622 | D:4      | Reached XP level 5. HP: 10/22 MP: 9/9
  3622 | D:4      | Gained mutation: You are covered in thick fur. (AC +2) [Felid growth]
  3622 | D:4      | Reached XP level 6. HP: 12/25 MP: 10/10
  3662 | D:4      | Found a staircase to the Ecumenical Temple.
  3802 | D:4      | Found a glowing drain.
  3842 | Sewer    | Entered a sewer
  4737 | D:4      | Got a coiled granite ring
  4889 | D:4      | Reached skill level 6 in Invocations
  4917 | D:4      | Reached *** piety under Nemelex Xobeh
  4917 | D:4      | Received a gift from Nemelex Xobeh
  5204 | D:4      | Reached XP level 7. HP: 28/28 MP: 12/12
  5240 | D:4      | Noticed Blork the orc
  5252 | D:4      | Killed Blork the orc
  5464 | D:4      | Reached skill level 7 in Invocations
  5739 | D:4      | Received a gift from Nemelex Xobeh
  6117 | D:5      | Entered Level 5 of the Dungeon
  6120 | D:5      | Noticed Sigmund
  6127 | D:5      | Killed Sigmund
  6130 | D:5      | Reached skill level 5 in Dodging
  6209 | D:5      | Splashed by a jelly's acid
  6210 | D:5      | Reached XP level 6. HP: 0/25 MP: 12/12
  6815 | D:5      | Identified the cursed ring "Potom" {+Fly Str-2} (You found it on level 4 of the Dungeon)
  6818 | D:5      | Quit the game

Skill      XL: |  1  2  3  4  5  6  7 |
---------------+----------------------+-----
Unarmed Combat | 4 |  4.2
Invocations    | 2 5 6 7 |  7.0
Dodging        | 5 |  5.8
Fighting       | |  1.0
Spellcasting   | |  2.0
Transmutations | |  2.1

Action                   |  1- 3 |  4- 6 |  7- 9 || total
-------------------------+-------+-------+-------++-------
Melee: Unarmed           |   111 |   130 |    49 ||   290
       Bite              |     8 |    12 |     2 ||    22
       Punch             |     1 |     1 |     1 ||     3
Evoke: Deck              |     1 |     9 |     5 ||    15
       Wand              |       |     3 |     4 ||     7
  Use: Potion            |       |     3 |     1 ||     4
       Scroll            |       |     3 |       ||     3
 Stab: Sleeping          |     6 |     2 |       ||     8
  Eat: Chunk             |     2 |    12 |     1 ||    15
Armor: Skin              |     7 |    15 |     1 ||    23
Dodge: Dodged            |    70 |   118 |    38 ||   226
